 Dungeon Crawl Stone Soup version 0.27-a0-1324-ge0d8e047f6 (webtiles) character file.

Game seed: 10033403997827548508

183 BlueGoblin the Sneak (level 5, 0/1 (27) HPs)
             Began as a Vine Stalker Brigand on June 23, 2021.
             Slain by BlueGoblin's ghost (1 damage)
             ... on level 3 of the Dungeon.
             The game lasted 00:08:57 (3794 turns).

BlueGoblin the Sneak (Vine Stalker Brigand)         Turns: 3794, Time: 00:08:58

HP:   0/1 (27)      AC:  4    Str: 14    XL:     5   Next: 62%
MP:   0/6           EV: 12    Int: 11    God:
Gold: 132           SH:  0    Dex: 16    Spells: 4/4 levels left

rFire    . . .     SeeInvis +   a - +2 dagger
rCold    . . .     Faith    .   (no shield)
rNeg     . . .     Spirit   +   b - +0 robe
rPois    +         Reflect  .   (no helmet)
rElec    .         Harm     .   c - +0 cloak
rCorr    .         Rampage  .   g - +0 pair of gloves
Will     .....                  (no boots)
Stlth    +++.......             (no amulet)
HPRegen  1.00/turn              j - ring of poison resistance
MPRegen  0.10/turn              p - ring of see invisible

@: extremely drained
A: fangs 2, regeneration 1, magic shield, antimagic bite, no potion heal 2
a: no special abilities


You were on level 3 of the Dungeon.
You visited 1 branch of the dungeon, and saw 3 of its levels.

You collected 132 gold pieces.

Inventory:

Hand Weapons
 a - a +2 dagger (weapon)
 r - a +3 hunting sling
Missiles
 d - 8 poisoned darts (quivered)
 e - 2 curare-tipped darts
Armour
 b - a +0 robe (worn)
 c - a +0 cloak (worn)
 g - a +0 pair of gloves (worn)
Jewellery
 j - a ring of poison resistance (left hand)
 p - a ring of see invisible (right hand)
Scrolls
 h - a scroll of identify
Potions
 f - 3 potions of curing
 i - a potion of berserk rage
 k - a potion of invisibility {unknown}
 l - 2 potions of attraction {unknown}
 m - a potion of cancellation {unknown}
 n - a potion of lignification {unknown}
 o - a potion of brilliance {unknown}
 q - a potion of heal wounds {unknown}


   Skills:
 + Level 2.5 Fighting
 + Level 3.1 Short Blades
 + Level 1.8 Throwing
 + Level 1.6 Dodging
 * Level 6.5 Stealth


You had 4 spell levels left.
You didn't know any spells.
Your spell library was empty.

Dungeon Overview and Level Annotations

Branches:
Dungeon (3/15)

Altars:
Cheibriados
Makhleb

Annotations:
D:3 BlueGoblin's ghost, novice GnWr


Innate Abilities, Weirdness & Mutations

You have extremely sharp teeth.
Your natural rate of healing is unusually fast.
When hurt, damage is shared between your health and your magic reserves.
Your bite disrupts and absorbs the magic of your enemies.
Potions cannot restore your health.


Message History

BlueGoblin's ghost points at you and mumbles some strange words.
You feel strangely unstable.
You barely miss BlueGoblin's ghost. Your bite misses BlueGoblin's ghost.
BlueGoblin's ghost is moderately damaged.
BlueGoblin's ghost hits you.
You feel drained.
You hit BlueGoblin's ghost but do no damage.
BlueGoblin's ghost is moderately damaged.
BlueGoblin's ghost hits you.
You feel drained.
You miss BlueGoblin's ghost.
BlueGoblin's ghost is moderately damaged.
BlueGoblin's ghost hits you.
You feel drained.
You hit BlueGoblin's ghost.
BlueGoblin's ghost is moderately damaged.
Your surroundings suddenly seem different.
No target in view!
BlueGoblin's ghost turns its malevolent gaze towards you.
BlueGoblin's ghost casts a spell.
BlueGoblin's ghost blinks!
BlueGoblin's ghost points at you and mumbles some strange words.
You resist with significant effort.
You hit BlueGoblin's ghost but do no damage.
BlueGoblin's ghost is moderately damaged.
BlueGoblin's ghost mumbles some strange words.
BlueGoblin's ghost blinks!
BlueGoblin's ghost hits you.
You feel drained.
You closely miss BlueGoblin's ghost.
BlueGoblin's ghost is moderately damaged.
BlueGoblin's ghost barely misses you.
You aren't carrying any items that you can evoke.
Unknown command.
You hit BlueGoblin's ghost but do no damage.
BlueGoblin's ghost is moderately damaged.
BlueGoblin's ghost gestures wildly while chanting.
BlueGoblin's ghost blinks!
BlueGoblin's ghost completely misses you.
You hit BlueGoblin's ghost but do no damage.
BlueGoblin's ghost is moderately damaged.
BlueGoblin's ghost hits you.
Ouch! That really hurt!
You die...

############ ##
#####..........# .#####
##..............#
.....#########..@W...........#
...........##..###...........#
###..#####....##⌠##..........#
##.........##...##....######
######..##.##..!..##...#
##.......##.#⌠..♣...'...#
...#####....##..!..##...#
.............##...##....#
........###...##⌠##.....##


You could see BlueGoblin's ghost.

Vanquished Creatures
  2 hounds (D:2)
  Jessica (D:3)
  A gnoll (D:3)
  3 adders (D:3)
  2 dart slugs
  4 orcs (D:3)
  5 bats
  4 endoplasms
  2 giant cockroaches (D:1)
  5 goblins
  5 hobgoblins
  2 quokkas (D:1)
  A ball python (D:1)
  2 frilled lizards
  10 kobolds
  4 rats
53 creatures vanquished.

Notes
Turn   | Place    | Note
-------+----------+-------------------------------------------
     0 | D:1      | BlueGoblin the Vine Stalker Brigand began the quest for the
                  | Orb.
     0 | D:1      | Reached XP level 1. HP: 11/11 MP: 2/2
    48 | D:1      | Reached skill level 5 in Stealth
   305 | D:1      | Reached XP level 2. HP: 4/15 MP: 1/3
   880 | D:1      | Reached XP level 3. HP: 17/18 MP: 4/4
  1270 | D:1      | Found a snail-covered altar of Cheibriados.
  2015 | D:2      | Found a burning altar of Makhleb.
  2314 | D:3      | Reached skill level 1 in Dodging
  2342 | D:3      | Noticed Jessica
  2359 | D:3      | Killed Jessica
  2360 | D:3      | Reached skill level 6 in Stealth
  2360 | D:3      | Gained mutation: Your natural rate of healing is unusually
                  | fast. [Vine Stalker growth]
  2360 | D:3      | Reached XP level 4. HP: 6/23 MP: 2/5
  2543 | D:3      | Found a faded altar of an unknown god.
  2638 | D:3      | Found a runed translucent door.
  2638 | D:3      | Noticed BlueGoblin's ghost (novice GnWr)
  2961 | D:3      | HP: 1/23 [gnoll (13)]
  3017 | D:2      | Reached XP level 5. HP: 15/27 MP: 3/6
  3794 | D:3      | Slain by BlueGoblin's ghost

Illustrated notes

Levels and vault maps discovered:
D:1:      dpeg_arrival_water_altar, layout_basic
D:2:      layout_loops_corners, basic_altar
D:3:      layout_rooms, hellmonk_ghost_happy_afterlife,
          hellmonk_ecumenical_altar_blasted, cheibrodos_gnoll_hut, uniq_jessica

Skill      XL: |  1  2  3  4  5 |
---------------+----------------+-----
Stealth        | 5 6 |  6.5
Fighting       | 2 |  2.5
Short Blades   | 2 3 |  3.1
Dodging        | 1 |  1.6
Throwing       | |  1.8

Action                   |  1- 3 |  4- 6 || total
-------------------------+-------+-------++-------
Melee: Dagger            |   123 |   177 ||   300
       Bite              |    30 |    56 ||    86
  Use: Scroll            |     3 |     1 ||     4
 Stab: Sleeping          |     6 |       ||     6
       Distracted        |       |     1 ||     1
Armor: Robe              |    22 |    39 ||    61
Dodge: Dodged            |    65 |    93 ||   158

Table legend: (Time is in decaauts)
 A = Elapsed time spent in this place.
 B = Non-inter-level travel time spent in this place.
 C = Inter-level travel time spent in this place.
 D = Time resting spent in this place.
 E = Time spent auto-exploring this place.
 F = Levels seen in this place.
 G = Mean time per level.
                   A        B        C        D        E       F      G
               +--------+--------+--------+--------+--------+-----+--------+
         Total |   3764 |   3592 |    172 |    996 |   1832 |   3 | 1254.7 |
       Dungeon |   3764 |   3592 |    172 |    996 |   1832 |   3 | 1254.7 |
               +--------+--------+--------+--------+--------+-----+--------+

Top non-repeatable levels by time:
     D:3: 1443 daAuts
     D:1: 1308 daAuts
     D:2: 1012 daAuts
